 Dungeon Crawl Stone Soup version 0.22-a0-533-g4d20840 (webtiles) character file.

28 inc the Scratcher (level 3, -13/17 HPs)
             Began as a Felid Chaos Knight on June 22, 2018.
             Killed by the capriciousness of Xom (26 damage)
             ... on level 2 of the Dungeon.
             The game lasted 00:01:25 (1080 turns).

inc the Scratcher (Felid Chaos Knight)              Turns: 1080, Time: 00:01:26

Health: -13/17     AC:  1    Str:  8    XL:     3   Next: 0%
Magic:  4/4        EV: 18    Int: 14    God:    Xom [.*....]
Gold:   56         SH:  0    Dex: 15    Spells: 2/2 levels left
                                        Lives:  0   Deaths: 0

rFire    . . .     SeeInvis +     - Unarmed
rCold    . . .     Gourm    .   (shield unavailable)
rNeg     . . .     Faith    .   (armour unavailable)
rPois    .         Spirit   .   (helmet unavailable)
rElec    .         Reflect  .   (cloak unavailable)
rCorr    .         Harm     .   (gloves unavailable)
MR       .....                  (boots unavailable)
Stlth    ++........             (no amulet)
HPRegen  0.05/turn              (no ring)
MPRegen  0.09/turn              (no ring)

@: quick
A: very small, no armour, no weapons or thrown items, stealth, claws 1, fangs 3,
see invisible, carnivore, speed 1, shaggy fur 1, slow metabolism 1, sharp paws
a: Renounce Religion


You were on level 2 of the Dungeon.
You worshipped Xom.
You were a BORING thing.
You were very full.

You visited 1 branch of the dungeon, and saw 2 of its levels.

You collected 56 gold pieces.

Inventory:

Jewellery
 g - a +3 ring of intelligence {unknown}
Scrolls
 b - 3 scrolls of remove curse {unknown}
 c - a scroll of enchant weapon {unknown}
 d - 2 scrolls of immolation {unknown}
 e - a scroll of teleportation {unknown}
 f - 2 scrolls of amnesia {unknown}
 h - a scroll of identify {unknown}
Potions
 i - a potion of curing {unknown}
Comestibles
 a - 2 rations


   Skills:
 - Level 3.0 Fighting
 - Level 3.2 Dodging
 + Level 4.2 Unarmed Combat


You had 2 spell levels left.
You didn't know any spells.
Your spell library was empty.

Dungeon Overview and Level Annotations

Branches:
Dungeon (2/15)

Altars:
Makhleb


Innate Abilities, Weirdness & Mutations

You cannot wear armour.
You are incapable of wielding weapons or throwing items.
Your paws allow you to move quietly. (Stealth)
You have sharp claws.
You have razor-sharp teeth.
You have supernaturally acute eyesight. (SInv)
You are carnivorous and can eat meat at any time.
You cover ground quickly.
You are covered in fur. (AC +1)
You have a slow metabolism.
Your sharp claws are effective at attacking unaware monsters.


Message History

You scratch the hobgoblin.
You kill the hobgoblin!
You have reached level 3!
Your experience leads to an increase in your attributes!
Increase (S)trength, (I)ntelligence, or (D)exterity?
You feel clever.
Things that are here:
a club; a hobgoblin corpse You butcher the hobgoblin corpse.
You are now a BORING thing.
j - a chunk of flesh You see here a club.
Eat a chunk of flesh? (ye/n/q)
You eat the chunk of flesh.
This raw flesh tastes great.
You start resting.
Xom's attention turns to you for a moment.
You are caught in a fiery explosion!
The explosion engulfs you!
Ouch! That really hurt!
You die...
Xom giggles madly!

..#######
........####.......#
...........##..[...#
...................#
......g.?..........#
...................#
.............#.....#
.......##..#....##.####
.....<....# #..@.....#
........### ##.##.....#
.###.g.............<#.#
.#$#................._..#
.###...?....####....#.#.#
............# #........#
.......#...## #.......##
##........... #.......#
..##...#.... .....K..#


There were no monsters in sight!

Vanquished Creatures
  An adder (D:2)
  A worm (D:2)
  4 bats
  2 giant cockroaches (D:1)
  A hobgoblin (D:2)
  A kobold (D:1)
  2 frilled lizards (D:1)
  2 goblins (D:1)
  4 rats
18 creatures vanquished.

Vanquished Creatures (others)
  A frilled lizard (D:1)
1 creature vanquished.

Grand Total: 19 creatures vanquished

Notes
Turn   | Place    | Note
-------+----------+-------------------------------------------
     0 | D:1      | inc the Felid Chaos Knight began the quest for the Orb.
     0 | D:1      | Reached XP level 1. HP: 10/10 MP: 2/2
    80 | D:1      | XOM: potion effect (invisibility)
   185 | D:1      | Reached XP level 2. HP: 14/14 MP: 3/3
   647 | D:2      | XOM: medium Conj miscast
   741 | D:2      | Reached skill level 4 in Unarmed Combat
   806 | D:1      | XOM: noise
  1028 | D:2      | Found a burning altar of Makhleb.
  1047 | D:2      | Reached XP level 3. HP: 11/17 MP: 4/4
  1080 | D:2      | XOM is BORED!
  1080 | D:2      | XOM: medium Fire miscast
  1080 | D:2      | Killed by the capriciousness of Xom

Vault maps used:
D:1:      nagdon_arrival_double_spiral, minmay_pentomino_u4
D:2:      lemuel_round_altar, lemuel_crystal_altar, serial_glass,
          glass_columns_b, glass_columns_c, due_unseen_surprise,
          feat_on_display, item_on_display_a, feat_on_display

Skill      XL: |  1  2 |
---------------+-------+-----
Unarmed Combat | 4 |  4.2
Fighting       | |  3.0
Dodging        | |  3.2

Action                   || total
-------------------------++-------
Melee: Unarmed           ||    69
       Bite              ||     2
 Stab: Invisible         ||     4
       Sleeping          ||     2
  Eat: Chunk             ||     7
Armor: Skin              ||     7
Dodge: Dodged            ||    56

Table legend:
 A = Spawn XP
 B = Non-spawn XP
 C = Spawn XP percentage of total XP
 D = Spawn monster count
 E = Non-spawn monster count
 F = Spawn count percentage of total count
 G = Total turns spent on level
                    A         B        C        D         E        F      G
               +---------+---------+-------+---------+---------+-------+---------
         Total |       0 |      41 |   0.0 |       0 |      18 |   0.0 |  1080
               +---------+---------+-------+---------+---------+-------+---------
           D:1 |       0 |      18 |   0.0 |       0 |      12 |   0.0 |   797
           D:2 |       0 |      23 |   0.0 |       0 |       6 |   0.0 |   283
               +---------+---------+-------+---------+---------+-------+---------
